[Event "Titled Tuesday Blitz May 2 Early 2023"]
[White "Garv Gaur"]
[Black "Novikova, Galina"]
[WhiteFideId "45030839"]
[BlackFideId "4157095"]
[WhiteElo "2068"]
[BlackElo "1953"]
[Result "1-0"]
[Round "05"]
[TimeControl "180+2"]
[Date "2023.05.02"]
[WhiteClock "0:01:13"]
[BlackClock "0:00:26"]

1. Nf3 e6 2. e3 f5 3. b3 Nf6 4. Bb2 Be7 5. c4 O-O 6. Nc3 d6 7. Be2 e5 8. d4 e4 9. Nd2 Qe8 10. Nf1 Nc6 11. Ng3 a5 12. a3 Qg6 13. Nb5 Bd8 14. h4 f4 15. h5 Qe8 16. exf4 e3 17. O-O exf2+ 18. Rxf2 Ne4 19. Nxe4 Qxe4 20. d5 Rxf4 21. Rxf4 Qxf4 22. dxc6 bxc6 23. Nd4 Qe3+ 24. Kh1 c5 25. Nf3 Bb7 26. Qd3 Qe8 27. Nh2 Bg5 28. Bf3 Rb8 29. Bxb7 Rxb7 30. Qd5+ 1-0


[Site "https://www.chess.com"]

[Event "Titled Tuesday Blitz May 2 Early 2023"]
[White "Khamdamova, Afruza"]
[Black "Tarasova, Viktoriya"]
[WhiteFideId "14210444"]
[BlackFideId "4175840"]
[WhiteElo "2210"]
[BlackElo "2182"]
[Result "1-0"]
[Round "05"]
[TimeControl "180+2"]
[Date "2023.05.02"]
[WhiteClock "0:00:51"]
[BlackClock "0:00:31"]

1. e4 e5 2. Nf3 Nc6 3. Bb5 Nf6 4. O-O Nxe4 5. d4 Nd6 6. dxe5 Nxb5 7. a4 Nbd4 8. Nxd4 d5 9. Be3 Nxd4 10. Qxd4 c5 11. Qd2 Be7 12. Na3 Be6 13. f4 g6 14. Rad1 d4 15. Bf2 Qd7 16. c3 dxc3 17. Qxc3 Qxa4 18. Nc2 Qc6 19. Ne3 b5 20. Qc2 Rd8 21. f5 gxf5 22. Nxf5 Bxf5 23. Qxf5 Rxd1 24. Rxd1 Qe6 25. Qe4 O-O 26. Rd3 Kh8 27. Rh3 Qg6 28. Qe1 Rd8 29. Rc3 1-0


[Site "https://www.chess.com"]

[Event "Titled Tuesday Blitz May 2 Early 2023"]
[White "Tsyhanchuk, Stanislav"]
[Black "Saya, Ethan"]
[WhiteFideId "13505130"]
[BlackFideId "26095181"]
[WhiteElo "2173"]
[BlackElo "2189"]
[Result "0-1"]
[Round "05"]
[TimeControl "180+2"]
[Date "2023.05.02"]
[WhiteClock "0:01:59"]
[BlackClock "0:02:26"]

1. e4 e6 2. d4 d5 3. Nc3 Nf6 4. Bg5 dxe4 5. Nxe4 Be7 6. Bxf6 gxf6 7. Nf3 f5 8. Ned2 c5 9. c3 Nc6 10. Nb3 cxd4 11. Nbxd4 Nxd4 12. Qxd4 Qxd4 13. Nxd4 Bd7 14. Be2 O-O-O 15. Bf3 Bf6 16. O-O-O Be8 17. Be2 Bxd4 18. Rxd4 Rxd4 19. cxd4 Bc6 20. f3 f4 21. Rd1 Rg8 22. Bf1 Rg5 23. a3 Kc7 24. b4 Kd6 25. Kc2 Ba4+ 0-1


[Site "https://www.chess.com"]

[Event "Titled Tuesday Blitz May 2 Early 2023"]
[White "Przybylski, Wojciech"]
[Black "De Souza, Cristiano Gomes"]
[WhiteFideId "1117599"]
[BlackFideId "2151758"]
[WhiteElo "2222"]
[BlackElo "2068"]
[Result "1-0"]
[Round "05"]
[TimeControl "180+2"]
[Date "2023.05.02"]
[WhiteClock "0:00:24"]
[BlackClock "0:00:20"]

1. e4 c5 2. Nf3 d6 3. Bc4 Nc6 4. c3 Nf6 5. Qe2 e6 6. O-O Be7 7. d3 O-O 8. a4 d5 9. Ba2 d4 10. Bg5 dxc3 11. bxc3 b6 12. Nbd2 Ba6 13. Nc4 Nd7 14. Bxe7 Qxe7 15. Rfe1 Rad8 16. Rad1 Bxc4 17. Bxc4 Nde5 18. Ba2 Nxf3+ 19. gxf3 Ne5 20. f4 Ng6 21. Qg4 Qf6 22. f5 exf5 23. Qxf5 Ne5 24. Qxf6 gxf6 25. Re3 Rd6 26. f4 Ng6 27. Rg3 Kh8 28. Rf1 Rfd8 29. Bc4 R8d7 30. Kg2 Re7 31. Kf3 Rd8 32. Rh3 Rg8 33. Rh5 Rg7 34. Rf2 Kg8 35. Rg2 Rd7 36. Rg3 Kf8 37. Rgh3 Kg8 38. Rh6 Re7 39. R3h5 Rd7 40. Bd5 Rd6 41. c4 Rd7 42. Rf5 Rd6 43. Rfh5 Rd7 44. Rh3 Rd6 45. Rg3 Rd7 46. h4 Kh8 47. h5 Nf8 48. Rxf6 Rxg3+ 49. Kxg3 Kg7 50. e5 Ne6 51. h6+ Kg8 52. f5 Ng5 53. Kg4 1-0


[Site "https://www.chess.com"]

[Event "Titled Tuesday Blitz May 2 Early 2023"]
[White "Seletsky, Grigory"]
[Black "Allahverdiyeva, Ayan"]
[WhiteFideId "14112191"]
[BlackFideId "13412590"]
[WhiteElo "2490"]
[BlackElo "1980"]
[Result "1/2-1/2"]
[Round "05"]
[TimeControl "180+2"]
[Date "2023.05.02"]
[WhiteClock "0:00:08"]
[BlackClock "0:00:10"]

1. e4 c5 2. Nc3 d6 3. Bc4 g6 4. d3 Bg7 5. f4 h5 6. Nf3 Nh6 7. O-O e6 8. h3 O-O 9. a3 Nc6 10. Qe1 Nd4 11. Nxd4 cxd4 12. Nd1 d5 13. Bb3 dxe4 14. dxe4 d3 15. Nf2 dxc2 16. Bxc2 Bd7 17. Qe2 Qb6 18. Rb1 Bb5 19. Bd3 Bxd3 20. Qxd3 Rfd8 21. Qe2 Rac8 22. Be3 Qb3 23. Rfd1 h4 24. Rxd8+ Rxd8 25. Rd1 Rc8 26. Qd3 Qxd3 27. Rxd3 Bxb2 28. Bxa7 Rc1+ 29. Kh2 g5 30. Be3 Rf1 31. g3 hxg3+ 32. Kxg3 gxf4+ 33. Kxf4 Kh7 34. Rb3 Bf6 35. Rxb7 Bh4 36. Kf3 Kg6 37. Ke2 f5 38. Bxh6 Kxh6 39. Nd3 fxe4 40. Nc5 Ra1 41. Rb3 Be7 42. Nxe4 Rxa3 43. Rxa3 Bxa3 44. Kf3 Be7 45. Kg4 Kg6 46. h4 Bxh4 47. Kxh4 Kf5 48. Ng5 Kf4 49. Kh5 Ke3 50. Nxe6 1/2-1/2


[Site "https://www.chess.com"]

[Event "Titled Tuesday Blitz May 2 Early 2023"]
[White "Kukula, Pawel"]
[Black "Srdanovic, Jovana"]
[WhiteFideId "1115081"]
[BlackFideId "954810"]
[WhiteElo "2012"]
[BlackElo "2145"]
[Result "1-0"]
[Round "05"]
[TimeControl "180+2"]
[Date "2023.05.02"]
[WhiteClock "0:00:07"]
[BlackClock "0:00:04"]

1. d4 d5 2. c4 c6 3. Nf3 Nf6 4. Nc3 e6 5. Bg5 Nbd7 6. e3 Bb4 7. Qc2 Qa5 8. Nd2 O-O 9. Nb3 Qc7 10. cxd5 exd5 11. Bd3 h6 12. Bf4 Bd6 13. Nb5 cxb5 14. Qxc7 Bxc7 15. Bxc7 a6 16. Ke2 Re8 17. Rac1 Nf8 18. h3 Ne6 19. Be5 Nd7 20. Bd6 Nb6 21. Kf3 Nc4 22. Bxc4 bxc4 23. Nc5 Nxc5 24. Bxc5 b5 25. b4 Bf5 26. Kg3 Rac8 27. Rhe1 Bd3 28. f3 Rc6 29. Kf2 Rce6 30. g4 g6 31. Ra1 f5 32. gxf5 gxf5 33. a4 Kh7 34. axb5 axb5 35. Ra7+ Kg6 36. Rg1+ Kh5 37. Re1 Rg6 38. Rf7 Reg8 39. e4 Rg2+ 40. Ke3 fxe4 41. fxe4 R8g3+ 42. Kf4 Bxe4 43. Ke5 Rf3 44. Re7 Rg5+ 45. Kd6 Rf6+ 46. Kc7 Rgg6 47. Re3 Rc6+ 48. Kd7 Rcf6 49. Re5+ Rg5 50. Be7 Rxe5 51. dxe5 Rg6 52. Bf6 Rg2 53. e6 Rc2 54. e7 Bg6 55. Re5+ Bf5+ 56. Rxf5+ Kg6 57. Rxd5 Re2 58. e8=Q+ Rxe8 59. Kxe8 Kxf6 60. Rxb5 Ke6 61. Rc5 Kd6 62. Rxc4 Kd5 63. Rh4 Kc6 64. Rxh6+ 1-0


[Site "https://www.chess.com"]

[Event "Titled Tuesday Blitz May 2 Early 2023"]
[White "Delorme, Alban"]
[Black "Omariev, Maksim"]
[WhiteFideId "623636"]
[BlackFideId "4193423"]
[WhiteElo "2196"]
[BlackElo "2304"]
[Result "1-0"]
[Round "05"]
[TimeControl "180+2"]
[Date "2023.05.02"]
[WhiteClock "0:00:56"]
[BlackClock "0:00:01"]

1. e4 c5 2. Nf3 d6 3. d4 cxd4 4. Nxd4 Nf6 5. Nc3 a6 6. Bg5 e6 7. f4 b5 8. e5 dxe5 9. fxe5 Qc7 10. exf6 Qe5+ 11. Be2 Qxg5 12. Bf3 Ra7 13. Qe2 Bb4 14. O-O Bxc3 15. bxc3 gxf6 16. Qf2 Rc7 17. a4 e5 18. Rfe1 O-O 19. Ne2 Be6 20. Ng3 Nd7 21. axb5 axb5 22. Ne4 Qg6 23. Rad1 f5 24. Bh5 Qg7 25. Ng3 f4 26. Ne4 f5 27. Nd6 Qg5 28. Nxb5 Rb7 29. Be2 1-0


[Site "https://www.chess.com"]

[Event "Titled Tuesday Blitz May 2 Early 2023"]
[White "Arnold, Ken"]
[Black "Amitpal, Singh"]
[WhiteFideId "2056836"]
[BlackFideId "5012899"]
[WhiteElo "2355"]
[BlackElo "2107"]
[Result "1-0"]
[Round "05"]
[TimeControl "180+2"]
[Date "2023.05.02"]
[WhiteClock "0:01:17"]
[BlackClock "0:00:15"]

1. d4 Nf6 2. c4 e6 3. Nf3 Bb4+ 4. Bd2 Bxd2+ 5. Nbxd2 O-O 6. e4 d6 7. Bd3 Nbd7 8. O-O b6 9. Re1 Bb7 10. Qc2 h6 11. Rad1 c5 12. d5 e5 13. Nf1 a5 14. Ne3 a4 15. Nf5 a3 16. b3 Re8 17. Nxd6 Re7 18. Nf5 Re8 19. Qc1 Nf8 20. N3h4 N6d7 21. g3 Ng6 22. Nxg6 fxg6 23. Nd6 Re7 24. Nxb7 Nf6 25. Nxc5 bxc5 26. Bf1 Qf8 27. Bh3 Rf7 28. Be6 Ne8 29. Rf1 Kh8 30. Bxf7 Qxf7 31. f4 exf4 32. Qxf4 Qxf4 33. gxf4 Nd6 34. Rde1 Re8 35. e5 Nf5 36. e6 Kg8 37. Re5 Nd4 38. Kg2 Re7 39. Rfe1 Nc2 40. d6 Nxe1+ 41. Rxe1 Re8 42. d7 Ra8 43. e7 Kf7 44. e8=Q+ Rxe8 45. dxe8=Q+ Kf6 46. Qe6# 1-0


[Site "https://www.chess.com"]

[Event "Titled Tuesday Blitz May 2 Early 2023"]
[White "Isanzhulov, Arystan"]
[Black "Panico, Nick"]
[WhiteFideId "13711644"]
[BlackFideId "2026724"]
[WhiteElo "2464"]
[BlackElo "1982"]
[Result "1-0"]
[Round "05"]
[TimeControl "180+2"]
[Date "2023.05.02"]
[WhiteClock "0:02:15"]
[BlackClock "0:01:13"]

1. b3 f5 2. Bb2 Nf6 3. g3 g6 4. Bg2 Bg7 5. Nf3 O-O 6. O-O d6 7. c4 e5 8. e3 Nc6 9. Nc3 e4 10. Ne1 d5 11. Nxd5 Nxd5 12. Bxg7 Kxg7 13. cxd5 Qxd5 14. d3 Qe6 15. dxe4 fxe4 16. Nc2 Bd7 17. Nd4 Nxd4 18. Qxd4+ Qf6 19. Qxd7+ Rf7 20. Qd4 Qxd4 21. exd4 Rd8 22. Rad1 c6 23. Bxe4 Kh6 24. Rd2 Re7 25. f3 Kg5 26. Rfd1 h5 27. d5 c5 28. d6 Red7 29. Rd5+ Kf6 30. h4 b6 31. Rg5 Kf7 32. Rxg6 b5 33. Bf5 Rb7 34. d7 c4 35. Rc6 cxb3 36. axb3 Ke7 37. Rc8 Rb8 38. Re1+ Kd6 39. Rxb8 Rxb8 40. Re8 Kc7 41. Rxb8 Kxb8 42. d8=Q+ Kb7 43. Be4+ Ka6 44. g4 b4 45. Qc7 hxg4 46. Bd3# 1-0


[Site "https://www.chess.com"]

[Event "Titled Tuesday Blitz May 2 Early 2023"]
[White "Bruedigam, Martin"]
[Black "Manon-og, Ramon Jr."]
[WhiteFideId "24608033"]
[BlackFideId "5200776"]
[WhiteElo "2331"]
[BlackElo "1999"]
[Result "1-0"]
[Round "05"]
[TimeControl "180+2"]
[Date "2023.05.02"]
[WhiteClock "0:01:55"]
[BlackClock "0:02:00"]

1. d4 Nf6 2. c4 g6 3. f3 d5 4. cxd5 Nxd5 5. e4 Nb6 6. Nc3 Bg7 7. Be3 N8d7 8. Qd2 O-O 9. h4 c5 10. dxc5 e5 11. cxb6 axb6 12. Bb5 Qe7 13. Nge2 Nc5 14. Nd5 Qd8 15. Qc2 Be6 16. Nec3 h5 17. Bg5 f6 18. Be3 Ra5 19. O-O Bxd5 20. exd5 Ra8 21. Qxg6 1-0


[Site "https://www.chess.com"]

[Event "Titled Tuesday Blitz May 2 Early 2023"]
[White "Pham, Le Thao Nguyen"]
[Black "Mogirzan, Matei-Valeriu"]
[WhiteFideId "12401226"]
[BlackFideId "1257455"]
[WhiteElo "2286"]
[BlackElo "1733"]
[Result "1-0"]
[Round "05"]
[TimeControl "180+2"]
[Date "2023.05.02"]
[WhiteClock "0:00:17"]
[BlackClock "0:00:01"]

1. d4 Nf6 2. Nf3 c5 3. c3 Nc6 4. d5 Nb8 5. g3 g6 6. Bg2 d6 7. O-O Bg7 8. Re1 O-O 9. e4 Bg4 10. a4 Nfd7 11. h3 Bxf3 12. Bxf3 Na6 13. Na3 Nc7 14. Bg2 a6 15. a5 b5 16. axb6 Nxb6 17. Bf4 Nb5 18. Qe2 Qd7 19. Nc4 Nxc4 20. Qxc4 e5 21. dxe6 fxe6 22. Red1 Kh8 23. Qxc5 e5 24. Be3 Qe6 25. Qd5 Qf6 26. Ra5 Rad8 27. Rxa6 Nc7 28. Qa5 Nxa6 29. Qxa6 d5 30. Qxf6 Rxf6 31. exd5 Rb8 32. d6 Rff8 33. b4 Rfd8 34. Bc5 e4 35. c4 Rd7 36. Bxe4 Rc8 37. Bf3 Bc3 38. Bg4 Rcd8 39. Bxd7 Rxd7 40. Rc1 Be5 41. Rd1 Kg7 42. Rd3 Bf6 43. Be3 Bd8 44. c5 Bc7 45. Bd4+ Kf7 46. dxc7 Rxc7 47. b5 Ke6 48. Be3 Ke5 49. c6 Ke4 50. Rd7 Rc8 51. b6 Ra8 52. Kg2 g5 53. b7 Ra1 54. b8=Q 1-0


[Site "https://www.chess.com"]

[Event "Titled Tuesday Blitz May 2 Early 2023"]
[White "Vitenberg, Noam Aviv"]
[Black "Ansh M Shah"]
[WhiteFideId "1532138"]
[BlackFideId "25033379"]
[WhiteElo "2236"]
[BlackElo "2084"]
[Result "1-0"]
[Round "05"]
[TimeControl "180+2"]
[Date "2023.05.02"]
[WhiteClock "0:00:04"]
[BlackClock "0:00:04"]

1. b4 Nf6 2. Bb2 d5 3. e3 e6 4. a3 a5 5. b5 a4 6. c4 dxc4 7. Bxc4 Nbd7 8. Nf3 Nb6 9. Ba2 Bd7 10. Nc3 Be7 11. Qc2 O-O 12. Ng5 h6 13. h4 g6 14. Nxe6 Bxe6 15. Bxe6 fxe6 16. Qxg6+ Kh8 17. Qxh6+ Kg8 18. Rh3 Kf7 19. Rf3 Ke8 20. Rf4 Kd7 21. Rd4+ Bd6 22. e4 e5 23. Rd3 Kc8 24. Rc1 Kb8 25. Ne2 Ng4 26. Qg7 Nxf2 27. Re3 Qd7 28. Qg3 Ng4 29. Rf3 Rxf3 30. gxf3 Nh6 31. Bxe5 Bxe5 32. Qxe5 Ka7 33. Qd4 Qxd4 34. Nxd4 Rc8 35. Ne6 Nf7 36. Rxc7 Rxc7 37. Nxc7 Ne5 38. Ke2 Nbc4 39. f4 Nd7 40. h5 Nf6 41. e5 Nxh5 42. e6 Nf6 43. e7 Nd6 44. Ke3 Kb6 45. Ne6 Nfe8 46. Kd4 Kxb5 47. Ke5 Kc6 48. f5 b6 49. f6 Nxf6 50. Kxf6 b5 51. Nd4+ Kc5 52. Nf5 Ne8+ 53. Kf7 Nc7 54. Ng7 b4 55. axb4+ Kxb4 56. Ne6 Ne8 57. Kxe8 a3 58. Kf7 a2 59. Nd4 a1=Q 60. Nc2+ Kb3 61. Nxa1+ 1-0


[Site "https://www.chess.com"]

[Event "Titled Tuesday Blitz May 2 Early 2023"]
[White "Rodchenkov, Sergey D."]
[Black "Kopacz, Grzegorz"]
[WhiteFideId "4168712"]
[BlackFideId "1109880"]
[WhiteElo "2277"]
[BlackElo "2037"]
[Result "1-0"]
[Round "05"]
[TimeControl "180+2"]
[Date "2023.05.02"]
[WhiteClock "0:00:24"]
[BlackClock "0:01:33"]

1. e4 c5 2. Nf3 Nc6 3. d4 cxd4 4. Nxd4 g6 5. c4 Bg7 6. Be3 Nf6 7. Nc3 d6 8. Be2 O-O 9. O-O a6 10. f3 Nxd4 11. Bxd4 Be6 12. f4 Qa5 13. Rc1 Rfc8 14. b3 b5 15. f5 Bd7 16. Bxf6 Bxf6 17. Nd5 Be5 18. Nxe7+ Kg7 19. Nxc8 Rxc8 20. f6+ Bxf6 21. Qxd6 Be6 22. Kh1 Qxa2 23. Bg4 Rd8 24. Qf4 Qb2 25. Bxe6 fxe6 26. c5 Rd2 27. c6 g5 28. Qxf6+ Qxf6 29. Rxf6 Kxf6 30. c7 1-0


[Site "https://www.chess.com"]

[Event "Titled Tuesday Blitz May 2 Early 2023"]
[White "Begunov, Konstantin"]
[Black "Napoli, Nicolo"]
[WhiteFideId "4118510"]
[BlackFideId "813702"]
[WhiteElo "2087"]
[BlackElo "2308"]
[Result "0-1"]
[Round "05"]
[TimeControl "180+2"]
[Date "2023.05.02"]
[WhiteClock "0:00:01"]
[BlackClock "0:00:11"]

1. d4 d5 2. c4 c6 3. Nc3 Nf6 4. cxd5 cxd5 5. Bf4 a6 6. e3 e6 7. Bd3 Nc6 8. Nf3 Bd6 9. Bg5 h6 10. Bh4 O-O 11. O-O Be7 12. Qe2 Ne4 13. Bxe7 Nxc3 14. bxc3 Qxe7 15. c4 Nb4 16. c5 Bd7 17. Rab1 Nxd3 18. Qxd3 Bb5 19. Rxb5 axb5 20. Qxb5 Qc7 21. Rb1 Rfb8 22. Rb2 b6 23. c6 Ra5 24. Qb4 Qxc6 25. g3 Ra4 26. Qb3 Qc4 27. Qd1 Rxa2 28. Rb1 Qc2 29. Qf1 b5 30. Ne5 b4 31. Rc1 Qe2 32. Qg2 b3 33. Nxf7 b2 34. Nxh6+ gxh6 35. Rb1 Ra1 0-1


[Site "https://www.chess.com"]

[Event "Titled Tuesday Blitz May 2 Early 2023"]
[White "Vivas Zamora, Fabian Ernesto"]
[Black "Makhmudov, Shukhrat"]
[WhiteFideId "3902480"]
[BlackFideId "14200775"]
[WhiteElo "2262"]
[BlackElo "2135"]
[Result "0-1"]
[Round "05"]
[TimeControl "180+2"]
[Date "2023.05.02"]
[WhiteClock "0:00:01"]
[BlackClock "0:00:18"]

1. e4 e5 2. Nf3 Nc6 3. Bc4 Nf6 4. d3 Be7 5. O-O d6 6. a4 Bg4 7. h3 Bh5 8. Bg5 h6 9. Bxf6 Bxf6 10. g4 Bg6 11. Nc3 Qd7 12. Nd5 Bd8 13. a5 a6 14. Kg2 Bh7 15. Nd2 Ne7 16. f4 Nxd5 17. Bxd5 c6 18. Bb3 exf4 19. Rxf4 O-O 20. Qe2 Bf6 21. Rxf6 gxf6 22. Rf1 Qe7 23. Qf3 Kg7 24. Rf2 Rad8 25. Nf1 Qe5 26. Ng3 Bg6 27. c3 d5 28. exd5 cxd5 29. d4 Qg5 30. Bc2 Rfe8 31. Nf5+ Kh7 32. h4 Qc1 33. h5 Re1 34. hxg6+ fxg6 35. Ng3 Rg1+ 36. Kh2 Rf8 37. Nh5 Re1 38. Nxf6+ Kh8 0-1


[Site "https://www.chess.com"]

[Event "Titled Tuesday Blitz May 2 Early 2023"]
[White "Aggelis, Nikolaos"]
[Black "Fathy, Elameir"]
[WhiteFideId "4213220"]
[BlackFideId "10600396"]
[WhiteElo "2189"]
[BlackElo "2311"]
[Result "0-1"]
[Round "05"]
[TimeControl "180+2"]
[Date "2023.05.02"]
[WhiteClock "0:00:20"]
[BlackClock "0:00:15"]

1. c4 c6 2. g3 d5 3. Nf3 Nf6 4. Bg2 dxc4 5. O-O Nbd7 6. Na3 Nb6 7. Ne5 Qd4 8. Nf3 Qc5 9. d4 cxd3 10. Be3 Qd5 11. Nd4 Qd8 12. Rc1 e5 13. Nf3 e4 14. Nd2 Bxa3 15. bxa3 Bf5 16. exd3 exd3 17. Bc5 Qd7 18. Re1+ Be6 19. a4 Nbd5 20. a5 b6 21. Ba3 c5 22. Nc4 O-O 23. Qxd3 Rad8 24. axb6 axb6 25. Rb1 Qc7 26. Qc2 Rfe8 27. Ne5 g6 28. Bb2 Bf5 29. Qb3 Bxb1 30. Rxb1 Rxe5 31. Bxe5 Qxe5 32. Rd1 Rd6 33. h3 Nb4 34. Rb1 Kg7 35. a3 Nd3 36. Rf1 h5 37. Qc4 Qd4 38. Qb5 Ne4 39. Bxe4 Qxe4 40. a4 Rf6 41. a5 bxa5 42. Qxa5 Qd4 43. Qd2 h4 44. g4 Ne5 45. Qxd4 cxd4 46. Kg2 d3 47. f4 Nc4 48. Kf3 Nd2+ 49. Ke3 Nxf1+ 50. Kxd3 Rxf4 0-1


[Site "https://www.chess.com"]

[Event "Titled Tuesday Blitz May 2 Early 2023"]
[White "Zaichenko, Daria"]
[Black "Devaev, Alexander"]
[WhiteFideId "4197453"]
[BlackFideId "4169395"]
[WhiteElo "2039"]
[BlackElo "2204"]
[Result "0-1"]
[Round "05"]
[TimeControl "180+2"]
[Date "2023.05.02"]
[WhiteClock "0:00:02"]
[BlackClock "0:00:01"]

1. e4 c6 2. d4 d5 3. Nc3 dxe4 4. Nxe4 Bf5 5. Ng3 Bg6 6. h4 h6 7. h5 Bh7 8. Nf3 Nd7 9. Bd3 Bxd3 10. Qxd3 Qc7 11. Bd2 e6 12. O-O-O Ngf6 13. Kb1 O-O-O 14. c4 c5 15. Qc3 Bd6 16. Ne2 Ne4 17. Qb3 Nxf2 18. Rhf1 Nxd1 19. Rxd1 cxd4 20. Nexd4 Nc5 21. Qa3 a6 22. b4 Ne4 23. Be3 Be7 24. Rc1 Bg5 25. Nb5 Qe7 26. Nxg5 hxg5 27. Qa5 Nd2+ 28. Ka1 Qf6+ 29. Bd4 Qe7 30. Qb6 Rxd4 31. Na7+ Kd7 32. Qxd4+ Qd6 33. Qxg7 Rc8 34. Qxf7+ Kd8 35. Nxc8 Kxc8 36. Qg8+ Kc7 37. Qg7+ Kb8 38. Qc3 Ne4 39. Qc2 Qe5+ 40. Qb2 Qf4 41. Rd1 g4 0-1


[Site "https://www.chess.com"]

[Event "Titled Tuesday Blitz May 2 Early 2023"]
[White "Lorenzo De La Riva, Lazaro"]
[Black "Kostiukov, Alexandr"]
[WhiteFideId "2268809"]
[BlackFideId "14108100"]
[WhiteElo "2294"]
[BlackElo "2202"]
[Result "0-1"]
[Round "05"]
[TimeControl "180+2"]
[Date "2023.05.02"]
[WhiteClock "0:01:32"]
[BlackClock "0:01:01"]

1. e4 c5 2. Nf3 g6 3. h4 h6 4. h5 g5 5. Nc3 Bg7 6. Bc4 Nc6 7. d3 e6 8. a4 Nge7 9. Nh2 d5 10. Ba2 dxe4 11. dxe4 Qxd1+ 12. Nxd1 Nb4 13. Ne3 Nec6 14. Ke2 Nd4+ 15. Kd1 O-O 16. c3 Nxa2 17. Rxa2 Nc6 18. Ke2 b6 19. f3 Ba6+ 20. Kf2 Ne5 21. Bd2 Rfd8 22. Rd1 Nc4 23. Nxc4 Bxc4 24. Raa1 Bb3 25. Ke2 Bxd1+ 26. Rxd1 Rd7 27. Be3 Rxd1 28. Kxd1 f5 0-1


[Site "https://www.chess.com"]

[Event "Titled Tuesday Blitz May 2 Early 2023"]
[White "Garrido, Denis"]
[Black "Horak, Martin"]
[WhiteFideId "601217"]
[BlackFideId "367095"]
[WhiteElo "2205"]
[BlackElo "2091"]
[Result "0-1"]
[Round "05"]
[TimeControl "180+2"]
[Date "2023.05.02"]
[WhiteClock "0:00:46"]
[BlackClock "0:00:27"]

1. d4 Nf6 2. c4 e6 3. Nf3 d5 4. g3 dxc4 5. Bg2 Nc6 6. O-O Rb8 7. e3 b5 8. Qe2 Be7 9. b3 cxb3 10. axb3 O-O 11. Bb2 a6 12. Rc1 Bb7 13. e4 Nb4 14. Nbd2 c5 15. dxc5 Nd3 16. Rc2 Nxb2 17. Rxb2 Bxc5 18. Rc2 Bb6 19. Rac1 Qe7 20. Ne5 Rfd8 21. Nc6 Bxc6 22. Rxc6 Qb4 23. Nf3 Nxe4 24. Ne5 Bxf2+ 25. Kh1 Bxg3 26. Bxe4 Bxe5 27. Bxh7+ Kxh7 28. Qh5+ Kg8 29. Qxe5 Qxb3 30. R6c5 Qf3+ 31. Kg1 Rd1+ 32. Rxd1 Qxd1+ 33. Kg2 Qd2+ 34. Kh3 Rd8 35. Rc3 Rd3+ 36. Rxd3 Qxd3+ 37. Kg4 Qc4+ 0-1


[Site "https://www.chess.com"]

[Event "Titled Tuesday Blitz May 2 Early 2023"]
[White "Salman, Pavel"]
[Black "Kohler, Aran"]
[WhiteFideId "24153753"]
[BlackFideId "1002856"]
[WhiteElo "2187"]
[BlackElo "2010"]
[Result "0-1"]
[Round "05"]
[TimeControl "180+2"]
[Date "2023.05.02"]
[WhiteClock "0:00:59"]
[BlackClock "0:00:56"]

1. d4 Nf6 2. Nc3 d5 3. Bf4 a6 4. e3 Bf5 5. f3 e6 6. g4 Bg6 7. h4 h5 8. g5 Nfd7 9. Bd3 Bxd3 10. Qxd3 c5 11. g6 f6 12. e4 cxd4 13. Qxd4 Nc6 14. Qd2 d4 15. Nce2 e5 16. Bh2 Qb6 17. O-O-O O-O-O 18. f4 Bb4 19. Qd3 Qa5 20. Kb1 Bc5 21. Nf3 Rhe8 22. fxe5 Ndxe5 23. Nxe5 fxe5 24. Rhf1 Re6 25. Rf7 Rxg6 26. Rdf1 Rd7 27. Qh3 Rd6 28. Nc1 Kc7 29. Nb3 Qb4 30. a3 Qb6 31. Rf8 d3 32. Rg8 dxc2+ 33. Kxc2 Nd4+ 34. Nxd4 Bxd4 35. b4 Rc6+ 36. Kb1 Qb5 37. Rff8 Rc3 38. Qe6 Qd3+ 39. Ka2 Qd2+ 40. Ka1 Rc1# 0-1


[Site "https://www.chess.com"]

[Event "Titled Tuesday Blitz May 2 Early 2023"]
[White "Adithya A Chullikkad"]
[Black "Zaitsev, Alexander"]
[WhiteFideId "45078734"]
[BlackFideId "4164490"]
[WhiteElo "1984"]
[BlackElo "2373"]
[Result "0-1"]
[Round "05"]
[TimeControl "180+2"]
[Date "2023.05.02"]
[WhiteClock "0:01:10"]
[BlackClock "0:00:16"]

1. d4 Nf6 2. c4 e6 3. Nc3 Bb4 4. Qc2 O-O 5. a3 Bxc3+ 6. Qxc3 Ne4 7. Qc2 f5 8. Nf3 b6 9. e3 Bb7 10. Bd3 Ng5 11. Nxg5 Qxg5 12. f3 Nc6 13. b4 Ne7 14. O-O Ng6 15. e4 f4 16. e5 Nh4 17. Bxh7+ Kh8 18. Be4 Bxe4 19. fxe4 Qg4 20. h3 Qg5 21. Qf2 Rf7 22. Bxf4 Rxf4 23. Qxf4 Qxg2# 0-1


[Site "https://www.chess.com"]

[Event "Titled Tuesday Blitz May 2 Early 2023"]
[White "Sanhueza, Cristian"]
[Black "Rios Escobar, Adan"]
[WhiteFideId "116815"]
[BlackFideId "3403645"]
[WhiteElo "2219"]
[BlackElo "2234"]
[Result "0-1"]
[Round "05"]
[TimeControl "180+2"]
[Date "2023.05.02"]
[WhiteClock "0:00:11"]
[BlackClock "0:00:05"]

1. e4 c5 2. Nf3 d6 3. d4 cxd4 4. Nxd4 Nf6 5. Nc3 a6 6. Be3 e5 7. Nb3 Be7 8. f3 Be6 9. Qd2 h5 10. Nd5 Nxd5 11. exd5 Bf5 12. Be2 a5 13. a4 Nd7 14. Bd3 Bxd3 15. Qxd3 Bg5 16. Bf2 O-O 17. O-O Rc8 18. c3 f5 19. Rfe1 b6 20. Rad1 Nc5 21. Bxc5 bxc5 22. Nd2 Bxd2 23. Rxd2 Rb8 24. Qc4 Rb6 25. Ree2 Qd7 26. Kf1 Rfb8 27. Ke1 Qd8 28. Kd1 R8b7 29. Kc1 h4 30. g3 hxg3 31. hxg3 Qf6 32. Rh2 Kf7 33. g4 f4 34. Qe4 Qg6 35. Qc4 Rb3 36. Qa6 Rxc3+ 37. Rc2 Rxc2+ 38. Rxc2 Re7 39. Qxa5 Qd3 40. Qc3 Qf1+ 41. Kd2 e4 42. Qc4 Qxf3 43. Qe2 e3+ 44. Kd1 Qxd5+ 45. Kc1 Qh1+ 46. Qd1 Qxd1+ 47. Kxd1 f3 48. Ke1 d5 49. Rc3 d4 50. Rxc5 d3 51. Rf5+ Kg6 52. Rxf3 d2+ 53. Ke2 Rd7 54. Rf1 Re7 55. Rd1 Kg5 56. b4 Kxg4 57. b5 Kf4 58. a5 Re5 59. Rb1 Rc5 60. a6 Rc1 61. Rb4+ Ke5 62. Kxe3 d1=Q 63. Re4+ Kd5 64. Rf4 Rc3+ 65. Kf2 Qd2+ 66. Kg1 Rc1+ 67. Rf1 Qg5+ 0-1


[Site "https://www.chess.com"]

[Event "Titled Tuesday Blitz May 2 Early 2023"]
[White "Marchesich, Giovanni"]
[Black "Pasti, Aron"]
[WhiteFideId "2824790"]
[BlackFideId "785857"]
[WhiteElo "2209"]
[BlackElo "2173"]
[Result "1-0"]
[Round "05"]
[TimeControl "180+2"]
[Date "2023.05.02"]
[WhiteClock "0:01:45"]
[BlackClock "0:00:03"]

1. e4 e5 2. Nf3 Nc6 3. Nc3 Nf6 4. a3 Bc5 5. Nxe5 Bxf2+ 6. Kxf2 Nxe5 7. d4 Neg4+ 8. Kg1 d6 9. h3 Nh6 10. Bg5 Nhg8 11. Qf3 h6 12. Bh4 g5 13. Bg3 Bd7 14. Bc4 Bc6 15. Re1 Qd7 16. d5 O-O-O 17. dxc6 Qxc6 18. Bb5 Qb6+ 19. Bf2 c5 20. b4 a6 21. bxc5 dxc5 22. Bc4 Ne7 23. Kh2 Ng6 24. Qf5+ Kb8 25. Bg3+ Ka8 26. Rb1 Qc6 27. Nd5 Nd7 28. Nc7+ Ka7 29. Bd5 Qf6 30. Rxb7# 1-0


[Site "https://www.chess.com"]

[Event "Titled Tuesday Blitz May 2 Early 2023"]
[White "Smietanska, Wiktoria"]
[Black "Womacka, Mathias"]
[WhiteFideId "21869359"]
[BlackFideId "4611390"]
[WhiteElo "1995"]
[BlackElo "2377"]
[Result "0-1"]
[Round "05"]
[TimeControl "180+2"]
[Date "2023.05.02"]
[WhiteClock "0:00:02"]
[BlackClock "0:00:08"]

1. c4 c5 2. Nf3 Nf6 3. Nc3 e6 4. d4 cxd4 5. Nxd4 Bb4 6. Qc2 Nc6 7. Nxc6 dxc6 8. Bg5 e5 9. e3 h6 10. Bh4 Be6 11. Be2 Qa5 12. O-O Bxc3 13. bxc3 Nd7 14. Rab1 Nc5 15. f4 exf4 16. exf4 O-O 17. f5 Bd7 18. f6 g6 19. Qd2 Kh7 20. Bf2 Rad8 21. Bd4 Bf5 22. Rbd1 Ne6 23. Qe3 Nxd4 24. cxd4 Rfe8 25. Qf3 Re6 26. h4 h5 27. Bd3 Rxf6 28. Bxf5 Rxf5 29. Qe3 Rxf1+ 30. Rxf1 Qc7 31. Qf3 Kg8 32. Qe4 Qd7 33. Rf4 Re8 34. Qf3 Qe6 35. c5 Qe3+ 36. Qxe3 Rxe3 37. Kf2 Ra3 38. Re4 Rxa2+ 39. Kf3 Kf8 40. Re5 Rd2 41. Ke3 Rd1 42. Ke4 Re1+ 43. Kf4 Rxe5 44. Kxe5 Ke7 45. g3 f6+ 46. Ke4 Ke6 47. Ke3 Kd5 48. Kd3 a5 49. Kc3 g5 50. g4 gxh4 51. gxh5 h3 52. h6 h2 0-1


[Site "https://www.chess.com"]